 Dungeon Crawl Stone Soup version 0.29-a0-41-g89e12c0570 (webtiles) character file.

Game seed: 12805123814795577007

1 Destapler the Vexing (level 1, -2/10 HPs)
             Began as a Deep Elf Enchanter on Feb 2, 2022.
             Slain by a hobgoblin (4 damage)
             ... on level 1 of the Dungeon.
             The game lasted 00:01:31 (219 turns).

Destapler the Vexing (Deep Elf Enchanter)            Turns: 219, Time: 00:01:32

Health: -2/10      AC:  3    Str:  5    XL:     1   Next: 16%
Magic:  6/6        EV: 11    Int: 19    God:
Gold:   11         SH:  0    Dex: 15    Spells: 6/6 levels left

rFire   . . .      SeeInvis .   a - +1 dagger
rCold   . . .      Faith    .   (no shield)
rNeg    . . .      Spirit   .   e - +0 leather armour
rPois   .          Reflect  .   (no helmet)
rElec   .          Harm     .   (no cloak)
rCorr   .          Rampage  .   (no gloves)
Will    .....                   (no boots)
Stlth   ++........              (no amulet)
HPRegen 0.03/turn               (no ring)
MPRegen 0.10/turn               (no ring)

@: invisible
A: no striking features
a: no special abilities


You were on level 1 of the Dungeon.
You visited 1 branch of the dungeon, and saw 1 of its levels.

You collected 11 gold pieces.

Inventory:

Hand Weapons
 a - a +1 dagger (weapon)
Armour
 b - a +0 robe
 e - a +0 leather armour (worn)
Scrolls
 d - a scroll of amnesia {unknown}
Potions
 f - a potion of flight {unknown}


   Skills:
 * Level 0.0 Fighting
 + Level 1.0 Short Blades
 + Level 2.4 Dodging
 + Level 3.6 Stealth
 + Level 3.0 Spellcasting
 + Level 4.0 Hexes


You had 6 spell levels left.
You didn't know any spells.
Your spell library contained the following spells:

 Spells                   Type           Power      Damage    Failure   Level
 Confusing Touch          Hex            18%        N/A       14%         3
 Tukima's Dance           Hex            18%        N/A       14%         3
 Ensorcelled Hibernation  Hex/Ice        20%        N/A       17%         2
 Dazzling Flash           Conj/Hex       20%        N/A       32%         3


Dungeon Overview and Level Annotations

Branches:
Dungeon (1/15)

Altars:


Message History

a +0 whip; 2 stones
f - a ruby potion You start resting.
HP restored.
Things that are here:
a +0 whip; 2 stones A hobgoblin comes into view.
A hobgoblin is nearby!
A hobgoblin comes into view.
A ball python comes into view.
The ball python hisses angrily.
The hobgoblin shouts!
You closely miss the hobgoblin. The hobgoblin hits you.
You hit the hobgoblin.
The hobgoblin is moderately wounded.
The hobgoblin misses you.
You closely miss the hobgoblin.
The hobgoblin is moderately wounded.
The hobgoblin hits you but does no damage.
You hit the hobgoblin.
The hobgoblin is severely wounded.
The hobgoblin barely misses you.
You hit the hobgoblin but do no damage.
The hobgoblin is severely wounded.
A kobold comes into view. It is wielding a +0 short sword.
The hobgoblin hits you. x2
* * * LOW HITPOINT WARNING * * *
You are too injured to fight recklessly!
You are too injured to fight recklessly!
Unknown command.
A goblin comes into view. It is wielding a +0 dagger.
The hobgoblin hits you.
* * * LOW HITPOINT WARNING * * *
The goblin shouts!
Unknown command.
You fade into invisibility!
A hobgoblin opens the door.
The hobgoblin barely misses you.
You hit the hobgoblin but do no damage. You punch the hobgoblin.
The hobgoblin is severely wounded.
The hobgoblin hits you.
You die...

+....# ..# #....# #.###
+....# #.... ....
######....# #...# ....
#######.........#.#...#
..g..
..........##....#.#.#.#
....
#..>............#.....#...#
#.........##....###.#.#...#
#############...@g.g......#
###.#g###...#+##
#............#
#.........[..#
#...)........#
#............#
#............#
#............#
##############


You could see 2 hobgoblins and a goblin.

Vanquished Creatures
  A kobold (D:1)
1 creature vanquished.

Notes
Turn   | Place    | Note
-------+----------+-------------------------------------------
     0 | D:1      | Destapler the Deep Elf Enchanter began the quest for the
                  | Orb.
     0 | D:1      | Reached XP level 1. HP: 10/10 MP: 6/6
   219 | D:1      | Slain by a hobgoblin

Illustrated notes

Levels and vault maps discovered:
D:1:      dpeg_arrival_short_road, layout_basic, nrook_campfire, st_stairs_5

Action                   || total
-------------------------++-------
Melee: Dagger            ||    12
       Punch             ||     1
  Use: Potion            ||     1
Armor: Leather armour    ||     1
Dodge: Dodged            ||     7

Table legend: (Time is in decaauts)
 A = Elapsed time spent in this place.
 B = Non-inter-level travel time spent in this place.
 C = Inter-level travel time spent in this place.
 D = Time resting spent in this place.
 E = Time spent auto-exploring this place.
 F = Levels seen in this place.
 G = Mean time per level.
                   A        B        C        D        E       F      G
               +--------+--------+--------+--------+--------+-----+--------+
         Total |    218 |    218 |      0 |    139 |     33 |   1 |  218.0 |
       Dungeon |    218 |    218 |      0 |    139 |     33 |   1 |  218.0 |
               +--------+--------+--------+--------+--------+-----+--------+

Top non-repeatable levels by time:
     D:1: 218 daAuts
